 Dungeon Sprint DCSS version 0.21.1-1-g345015f (webtiles) character file.

555 Fang the Cleaver (level 7, -12/52 HPs)
             Began as a Gargoyle Berserker on July 22, 2018.
             Was an Elder of Trog.
             Mangled by an orc warrior
             ... wielding a +0 scimitar
              (20 damage)
             ... in the Dungeon (Sprint VII: "The Pits").
             The game lasted 00:01:41 (306 turns).

Fang the Cleaver (Gargoyle Berserker)                Turns: 306, Time: 00:01:42

Health: -12/52     AC:  7    Str: 23    XL:     7   Next: 30%
Magic:  7/7        EV: 14    Int:  7    God:    Trog [****..]
Gold:   0          SH:  0    Dex:  9    Spells: 6/6 levels left

rFire    . . .     SeeInvis .   m - +1 hand axe (freeze)
rCold    . . .     Gourm    .   (no shield)
rNeg     + . .     Faith    .   b - +0 animal skin
rPois    ∞         Spirit   .   (no helmet)
rElec    +         Reflect  .   (no cloak)
rCorr    .         Harm     .   (no gloves)
MR       .....     NoTele   +   (no boots)
Stlth    +.........             (no amulet)
HPRegen  0.17/turn              (no ring)
MPRegen  0.10/turn              (no ring)

@: berserk cooldown, slowed, very slow
A: negative energy resistance 1, electricity resistance, unbreathing,
petrification resistance, rot immunity, AC +4
a: Berserk, Trog's Hand, Brothers in Arms, Burn Spellbooks, Renounce Religion


You were in the Dungeon.
You worshipped Trog.
Trog was greatly pleased with you.
You were not hungry.

You visited 1 branch

Inventory:

Hand Weapons
 j - a +2 hand axe
 m - a +1 hand axe of freezing (weapon)
Armour
 b - a +0 animal skin (worn)
Scrolls
 i - a scroll of blinking
 k - 3 scrolls of remove curse
 l - a scroll of summoning
Potions
 a - 2 potions of invisibility
 d - 6 potions of curing
 e - 6 potions of heal wounds
 f - a potion of haste
 g - 4 potions of magic
 h - 3 potions of berserk rage
Comestibles
 c - 9 rations


   Skills:
 + Level 9.7 Fighting
 + Level 10.1 Axes
 + Level 4.8 Armour
 + Level 5.1 Dodging
 + Level 1.0 Stealth


You had 6 spell levels left.
You didn't know any spells.

Dungeon Overview and Level Annotations

Branches:
Dungeon (1/1)

Altars:
Cheibriados
Dithmenos
Elyvilon
Fedhas
Gozag
Hepliaklqana
Makhleb
Nemelex Xobeh
Okawaru
Qazlal
Ru
Sif Muna
Trog
Vehumet
Wu Jian
Xom
Yredelemnul
Zin
The Shining One
Beogh
Jiyva
Lugonu


Innate Abilities, Weirdness & Mutations

You are resistant to torment.
Your stone body is resilient. (AC +4)
You are immune to poison.
You resist negative energy. (rN+)
You are resistant to electric shocks. (rElec)
You can survive without breathing.
You are immune to petrification.
You are immune to rotting.


Message History

Unknown command.
You are too injured to fight recklessly!
Unknown command.
You are too injured to fight recklessly!
Unknown command.
You are too injured to fight recklessly!
Unknown command.
You are too injured to fight recklessly!
You fail to use your ability.
The orc hits you but does no damage.
The iron imp grins evilly.
The iron imp completely misses you.
The orc warrior hits you with a scimitar!
* * * LOW HITPOINT WARNING * * *
Unknown command.
Your ogre goes berserk!
You feel quite a bit more hungry. Trog will no longer gift you weapons.
The orc barely misses you.
The orc warrior hits you with a scimitar!!
You die...

#.#..†..#))#####'#
#.#..####).##.....
#.#..#..#))##.....
#.#..#..#[[##.....
#.##'#..#'###...<.
#.#††).....##.....
#O#........##.....
#'###########.....
#@5# ######
#ooo....#
##5#.#.## .....
.#.#.# ......# .#
#..+ ## ##


You could see an orc warrior, 2 iron imps, 2 orcs and a friendly ogre (berserk).

Vanquished Creatures
  A deep elf mage (D)
  A floating eye (D)
  A wolf (D)
  An ufetubus (D)
  An ooze (D)
  An adder zombie (D)
  A leopard gecko (D)
  A giant cockroach (D)
  3 hobgoblins (D)
  4 jackals (D)
  A frilled lizard (D)
16 creatures vanquished.

Notes
Turn   | Place    | Note
-------+----------+-------------------------------------------
     0 | D        | Fang the Gargoyle Berserker began the quest for the Orb.
     0 | D        | Reached XP level 1. HP: 14/14 MP: 1/1
    18 | D        | Reached skill level 3 in Axes
    23 | D        | Found a bloodstained altar of Trog.
    23 | D        | Found a deep blue altar of Sif Muna.
    23 | D        | Found a viscous altar of Jiyva.
    23 | D        | Found a hazy altar of Hepliaklqana.
    23 | D        | Found an opulent altar of Gozag.
    24 | D        | Found a glowing golden altar of the Shining One.
    24 | D        | Found a glowing silver altar of Zin.
    24 | D        | Found a basalt altar of Yredelemnul.
    24 | D        | Found a shimmering altar of Xom.
    24 | D        | Found an ornate altar of the Wu Jian Council.
    24 | D        | Found a sacrificial altar of Ru.
    24 | D        | Found a stormy altar of Qazlal.
    24 | D        | Found an iron altar of Okawaru.
    24 | D        | Found a sparkling altar of Nemelex Xobeh.
    24 | D        | Found a burning altar of Makhleb.
    24 | D        | Found a blossoming altar of Fedhas.
    24 | D        | Found a white marble altar of Elyvilon.
    24 | D        | Found a shadowy altar of Dithmenos.
    24 | D        | Found a snail-covered altar of Cheibriados.
    32 | D        | Found a corrupted altar of Lugonu.
    32 | D        | Found a radiant altar of Vehumet.
    32 | D        | Found a roughly hewn altar of Beogh.
    71 | D        | Noticed a floating eye
    74 | D        | Paralysed by a floating eye for 4 turns
    80 | D        | Killed a floating eye
    80 | D        | Reached ** piety under Trog
    80 | D        | Reached skill level 6 in Axes
    80 | D        | Reached XP level 2. HP: 16/23 MP: 2/2
    80 | D        | Reached XP level 3. HP: 20/28 MP: 3/3
    80 | D        | Reached XP level 4. HP: 23/32 MP: 4/4
   176 | D        | Reached *** piety under Trog
   185 | D        | Reached XP level 5. HP: 37/37 MP: 5/5
   189 | D        | Reached **** piety under Trog
   293 | D        | Noticed a deep elf mage
   294 | D        | Noticed an orc warrior
   295 | D        | Noticed a wolf
   296 | D        | Noticed a jumping spider
   297 | D        | Noticed a redback
   301 | D        | Noticed a demonic crawler
   301 | D        | Killed a deep elf mage
   301 | D        | Reached ***** piety under Trog
   301 | D        | Reached skill level 9 in Axes
   301 | D        | Reached skill level 5 in Dodging
   301 | D        | Reached XP level 6. HP: 47/47 MP: 6/6
   301 | D        | Reached XP level 7. HP: 51/51 MP: 7/7
   303 | D        | Reached skill level 10 in Axes
   303 | D        | Reached skill level 1 in Stealth
   306 | D        | Mangled by an orc warrior

Skill      XL: |  1  2  3  4  5  6  7 |
---------------+----------------------+-----
Axes           | 6 9 10 | 10.1
Fighting       | 6 9 |  9.7
Armour         | 3 4 |  4.8
Dodging        | 3 5 |  5.1
Stealth        | 1 |  1.0

Action                   |  1- 3 |  4- 6 |  7- 9 || total
-------------------------+-------+-------+-------++-------
Melee: Hand axe          |    11 |    22 |     3 ||    36
Invok: Berserk           |       |     1 |       ||     1
       Brothers in Arms  |       |       |     1 ||     1
Armor: Animal skin       |     6 |     4 |       ||    10
Dodge: Dodged            |     4 |    14 |     3 ||    21
